 Seeded DCSS version 0.29.1-12-g30fa7ad0bf (webtiles) character file.

Game seed: 9845822215292249863 (custom seed)

5098 hikkokomori the Destroyer (level 10, -16/65 HPs)
             Began as an Octopode Conjurer on Jan 7, 2023.
             Was an Initiate of Gozag.
             Demolished by a boulder beetle (33 damage)
             ... on level 9 of the Dungeon.
             The game lasted 00:21:56 (10935 turns).

hikkokomori the Destroyer (Octopode Conjurer)      Turns: 10935, Time: 00:21:57

Health: -16/65     AC:  3    Str: 10    XL:     10   Next: 57%
Magic:  10/18      EV: 12    Int: 25    God:    Gozag
Gold:   542        SH:  5    Dex: 10    Spells: 7/20 levels left

rFire   + . .      SeeInvis .   j - staff of conjuration
rCold   . . .      Faith    .   m - +0 buckler {rF+}
rNeg    . . .      Spirit   .   k - +2 hood of the Assassin {Detection Stab+ Stlth++}
rPois   .          Reflect  .   w - amulet of magic regeneration
rElec   .          Harm     .   i - ring of willpower
rCorr   +          Rampage  .   d - ring of Avoenagi {Fly Will++ rCorr Str+3}
Will    +++..                   (no ring)
Stlth   ++++++....              (no ring)
HPRegen 0.20/turn               (no ring)
MPRegen 0.56/turn               (no ring)
                                (no ring)
                                (no ring)

@: flying
A: almost no armour, amphibious, 8 rings, camouflage 1, gelatinous body 1,
(nimble swimmer 1), tentacles
a: Renounce Religion, Potion Petition, Call Merchant, Bribe Branch


You were on level 9 of the Dungeon.
You worshipped Gozag.
Gozag was pleased with you.
You visited 2 branches of the dungeon, and saw 10 of its levels.

You collected 3203 gold pieces.
You spent 360 gold pieces at shops.
You paid 2301 gold pieces to Gozag.

Inventory:

Armour
 k - the +2 hood of the Assassin (worn) {Detection Stab+ Stlth++}
   (You acquired it on level 1 of the Dungeon)

   It allows the wearer to sense nearby creatures.
   It allows the wearer to make particularly effective stabbing attacks against
   helpless or unaware enemies with any weapon.
   Stlth:     It makes you much more stealthy.
 m - a +0 buckler of fire resistance (worn)
Magical Staves
 j - a staff of conjuration (weapon)
Jewellery
 d - the ring of Avoenagi (right tentacle) {Fly Will++ rCorr Str+3}
   (You acquired it on level 1 of the Dungeon)

   [ring of flight]

   Str:       It affects your strength (+3).
   Fly:       It grants you flight.
   rCorr:     It protects you from acid and corrosion.
   Will:      It greatly increases your willpower.
 h - an amulet of the acrobat
 i - a ring of willpower (left tentacle)
 w - an amulet of magic regeneration (around mantle)
 A - an amulet of guardian spirit
 E - a +4 ring of evasion
Wands
 x - a wand of mindburst (9)
 B - a wand of polymorph (11)
 F - a wand of light (4)
Scrolls
 b - 3 scrolls of teleportation
 g - 6 scrolls of amnesia
 l - a scroll of blinking {unknown}
 p - 2 scrolls of poison {unknown}
 r - 3 scrolls of fear {unknown}
 s - 4 scrolls of butterflies
 t - 2 scrolls of enchant weapon {unknown}
 u - a scroll of noise {unknown}
 y - 2 scrolls of magic mapping {unknown}
 z - a scroll of vulnerability {unknown}
 C - 3 scrolls of identify
 G - 2 scrolls of enchant armour {unknown}
Potions
 a - 2 potions of magic
 f - 6 potions of curing
 n - 2 potions of brilliance {unknown}
 o - a potion of ambrosia {unknown}
 q - a potion of might {unknown}
 v - 2 potions of lignification {unknown}
 D - a potion of flight {unknown}


   Skills:
 + Level 4.7 Fighting
 - Level 2.4 Dodging
 - Level 5.3 Stealth
 - Level 5.7 Shields
 + Level 5.6 Spellcasting
 + Level 10.7 Conjurations
 - Level 5.1 Hexes
 + Level 1.0 Transmutations
 + Level 1.1 Earth Magic


You had 7 spell levels left.
You knew the following spells:

 Your Spells              Type           Power      Damage    Failure   Level
a - Magic Dart            Conj           100%       1d8       1%          1
b - Searing Ray           Conj           100%       2d8       1%          2
c - Fulminant Prism       Conj/Hex       31%        3d16      3%          4
d - Statue Form           Tmut/Erth      8%         N/A       100%        6

Your spell library contained the following spells:

 Spells                   Type           Power      Damage    Failure   Level
 Dazzling Flash           Conj/Hex       100%       N/A       1%          3
 Mephitic Cloud           Conj/Pois/Air  37%        N/A       7%          3
 Flame Wave               Conj/Fire      50%        2d12      11%         4
 Iskenderun's Mystic Bla  Conj/Tloc      50%        2d11      11%         4
 Call Imp                 Summ           7%         N/A       16%         2
 Poisonous Vapours        Pois/Air       14%        N/A       16%         2
 Scorch                   Fire           14%        2d6       16%         2
 Leda's Liquefaction      Hex/Erth       11%        N/A       26%         4
 Gell's Gravitas          Tloc           7%         N/A       30%         3
 Lesser Beckoning         Tloc           7%         N/A       30%         3
 Teleport Other           Tloc           7%         N/A       30%         3
 Yara's Violent Unravell  Hex/Tmut       11%        3d6       58%         5
 Summon Cactus Giant      Summ           3%         N/A       100%        6
 Corpse Rot               Necr/Pois/Air  Unusable   N/A       N/A         4

Dungeon Overview and Level Annotations

Branches:
Dungeon (9/15)             Temple (1/1) D:4
   Lair: D:8-11         Orc: D:9-12

Altars:
Ashenzari
Cheibriados
Dithmenos
Elyvilon
Fedhas
Gozag
Hepliaklqana
Kikubaaqudgha
Makhleb
Nemelex Xobeh
Okawaru
Qazlal
Ru
Sif Muna
Trog
Uskayaw
Wu Jian
Xom
Yredelemnul
Zin
The Shining One

Shops:
D:7 :*   Temple *


Innate Abilities, Weirdness & Mutations

You cannot wear most types of armour.
You are amphibious.
You can wear up to eight rings at the same time.
Your skin changes colour to match your surroundings (Stealth+).
Your rubbery body absorbs attacks. (AC +1, EV +1)
((You are camouflaged when in or above water. (Stealth+)))
You have tentacles for arms and can constrict up to eight enemies at once.


Message History

The blast of energy engulfs the boulder beetle but does no damage.
The boulder beetle is lightly wounded.
You hear a bellow!
You hear a shout!
Unknown command.
Found a ring mail.
The boulder beetle curls into a ball and begins rolling!
Casting: Searing Ray (safe; 1% risk of failure)
Confirm with . or Enter, or press ? or * to list all spells.
Okay, then.
Casting: Searing Ray (safe; 1% risk of failure)
Confirm with . or Enter, or press ? or * to list all spells.
Okay, then.
Unknown command.
Okay, then.
Casting: Searing Ray (safe; 1% risk of failure)
Confirm with . or Enter, or press ? or * to list all spells.
Aiming: Fulminant Prism (dangerous; 3% risk of failure)
Press: ? - help, Dir - move target, p - boulder beetle You feel a surge of power!
You conjure a prism of explosive energy!
A fulminant prism comes into view.
The boulder beetle hits your fulminant prism!!!
Your fulminant prism detonates feebly.
The boulder beetle stops rolling and uncurls.
Found an escape hatch in the floor.
The boulder beetle leaps!
Found a stone staircase leading up.
The boulder beetle closely misses you.
The boulder beetle curls into a ball and begins rolling!
There is a stone staircase leading up here.
Casting: Fulminant Prism (dangerous; 3% risk of failure)
Confirm with . or Enter, or press ? or * to list all spells.
Aiming: Magic Dart (safe; 1% risk of failure)
Press: ? - help, Shift-Dir - straight line, f - boulder beetle
Aim: a boulder beetle (lightly wounded, rolling, 100% to hit)
You feel a surge of power!
The magic dart hits the boulder beetle but does no damage.
The boulder beetle is lightly wounded.
The boulder beetle hits you!!
Ouch! That really hurt!
You die...
Your body crumbles into a pile of gold.

.#
#..##..#...#.........
.#
#.................###
.#
#.................#
.#
#.............##..#
.# #.##..........#
..# .#
#.##........°.# .# .#
#.##........°.# .# .#
#. #........B.# .# #.
#........@.# .#
#........[.# .#
#..........# .#
#........>.# .#
.........<# .#
.......... ##
##########


You could see a boulder beetle (rolling).

Vanquished Creatures
  The ghost of ThatPearl the Conjurer, a novice DgCj (D:7)
  Pikel (D:4)
  A troll (D:9)
  Grinder (D:6)
  Eustachio (D:4)
  3 steam dragons (D:8)
  Menkaure (D:4)
  A water moccasin (D:7)
  An orc warrior (D:9)
  An ice beast (D:5)
  A black bear (D:5)
  A sky beast (D:7)
  3 ogres
  2 centaurs (D:7)
  2 bullfrogs (D:8)
  5 kobold brigands
  A necrophage (D:5)
  3 scorpions
  7 wights
  5 howler monkeys
  2 jellies
  3 hounds
  2 gnoll boudas
  5 orc priests
  2 iguanas
  Natasha (thrice) (D:3)
  5 orc wizards
  7 adders
  15 gnolls
  A shadow imp (D:7)
  2 ufetubi (D:5)
  2 worms
  2 dart slugs (D:1)
  35 orcs
  7 endoplasms
  3 giant cockroaches
  3 goblins
  4 hobgoblins
  4 jackals (D:5)
  34 kobolds
  7 quokkas
  7 ball pythons
  9 bats
  4 frilled lizards
  5 rats
  A fulminant prism (D:8)
216 creatures vanquished.

Vanquished Creatures (others)
  An endoplasm (D:4)
  46 fulminant prisms
  6 plants (D:6)
53 creatures vanquished.

Grand Total: 269 creatures vanquished

Notes
Turn   | Place    | Note
-------+----------+-------------------------------------------
     0 | D:1      | hikkokomori the Octopode Conjurer began the quest for the
                  | Orb.
     0 | D:1      | Reached XP level 1. HP: 11/11 MP: 3/3
   110 | D:1      | Reached XP level 2. HP: 9/17 MP: 0/5
   621 | D:1      | Reached XP level 3. HP: 21/21 MP: 1/6
  1131 | D:1      | Identified 3 scrolls of acquirement
  1131 | D:1      | Acquired the +2 hood of the Assassin {Detection Stab+
                  | Stlth++}
  1131 | D:1      | Found the +2 hood of the Assassin {Detection Stab+ Stlth++}
  1138 | D:1      | Acquired 1040 gold pieces
  1140 | D:1      | Acquired the ring of Avoenagi {Fly Will++ rCorr Str+3}
  1252 | D:2      | Found a faded altar of an unknown god.
  1386 | D:2      | Reached XP level 4. HP: 27/27 MP: 3/7
  2331 | D:3      | Reached XP level 5. HP: 11/31 MP: 0/9
  2334 | D:3      | Learned a level 2 spell: Searing Ray
  2949 | D:3      | Noticed Natasha
  2955 | D:3      | Killed Natasha
  3135 | D:3      | Found the +4 robe of Augmentation {Str+4 Int+4 Dex+4}
  3407 | D:3      | Noticed Natasha
  3410 | D:3      | Killed Natasha
  3411 | D:3      | Reached skill level 5 in Stealth
  3473 | D:3      | Noticed Natasha
  3480 | D:3      | Killed Natasha
  3481 | D:3      | Reached skill level 5 in Conjurations
  3855 | D:4      | Noticed Eustachio
  3952 | D:3      | Learned a level 4 spell: Fulminant Prism
  3980 | D:4      | Killed Eustachio
  3981 | D:4      | Reached XP level 6. HP: 36/36 MP: 3/11
  4095 | D:4      | Reached XP level 7. HP: 16/41 MP: 1/12
  4403 | D:4      | Noticed Pikel
  4415 | D:4      | Noticed Menkaure
  4417 | D:4      | Killed Pikel
  4418 | D:4      | Reached skill level 6 in Conjurations
  4418 | D:4      | Reached XP level 8. HP: 9/46 MP: 0/13
  4796 | D:4      | Killed Menkaure
  4797 | D:4      | Reached skill level 7 in Conjurations
  5014 | D:4      | Found a staircase to the Ecumenical Temple.
  5115 | Temple   | Entered the Ecumenical Temple
  5310 | Temple   | Became a worshipper of Gozag Ym Sagoz the Greedy
  5417 | D:5      | Entered Level 5 of the Dungeon
  5427 | D:5      | Reached skill level 5 in Shields
  6024 | D:5      | Found an ancient bone altar of Kikubaaqudgha.
  6113 | D:5      | Reached skill level 1 in Hexes
  6114 | D:5      | Reached skill level 8 in Conjurations
  6973 | D:5      | Reached XP level 9. HP: 50/51 MP: 7/14
  7572 | D:6      | Reached skill level 9 in Conjurations
  7753 | D:6      | Noticed Grinder
  7761 | D:6      | Killed Grinder
  8113 | D:7      | Reached skill level 5 in Hexes
  8279 | D:7      | Reached skill level 1 in Fighting
  8583 | D:7      | Found a runed translucent gate.
  8583 | D:7      | Found a runed translucent gate.
  8583 | D:7      | Found an opulent altar of Gozag.
  8583 | D:7      | Found a runed translucent gate.
  8584 | D:7      | Noticed ThatPearl's ghost (novice DgCj)
  9008 | D:8      | Reached skill level 10 in Conjurations
  9014 | D:8      | Reached XP level 10. HP: 62/62 MP: 6/16
  9617 | D:8      | Found a white marble altar of Elyvilon.
  9624 | D:8      | Found an ornate altar of the Wu Jian Council.
  9624 | D:8      | Found a shadowy altar of Dithmenos.
  9628 | D:8      | Found a blossoming altar of Fedhas.
  9898 | D:8      | Reached skill level 5 in Spellcasting
 10097 | D:7      | Killed ThatPearl's ghost
 10195 | D:7      | Acquired 723 gold pieces
 10198 | D:7      | Bought Sif Muna's Compendium of the Vexing Boulder for 360
                  | gold pieces
 10205 | D:7      | Learned a level 6 spell: Statue Form
 10489 | D:9      | Reached skill level 1 in Transmutations
 10489 | D:9      | Reached skill level 1 in Earth Magic
 10916 | D:9      | Noticed a boulder beetle
 10935 | D:9      | Demolished by a boulder beetle

Illustrated notes

Levels and vault maps discovered:
D:1:      giann_bridges, layout_basic
D:2:      layout_loops_cross, ebering_ecumenical_altar_hall
D:3:      layout_basic, uniq_natasha
D:4:      layout_loops_ring, lemuel_temple_firewalk_a, uniq_pikel,
          uniq_eustachio, uniq_menkaure
D:5:      layout_cave_pods, kennysheep_mini_moat
D:6:      layout_basic, serial_bayou_crossing, uniq_grinder
D:7:      layout_cave_pools, ebering_ghost_gozag, grunt_ministairs_3
D:8:      layout_basic, minitemple
D:9:      layout_long_grid
Temple:   eino_temple_scatter_basement

Skill      XL: |  1  2  3  4  5  6  7  8  9 10 |
---------------+-------------------------------+-----
Stealth        | 3 4 5 |  5.3
Spellcasting   | 3 4 5 |  5.6
Conjurations   | 5 6 8 10 | 10.7
Shields        | 2 4 5 |  5.7
Hexes          | 2 5 |  5.1
Fighting       | 2 4 |  4.7
Transmutations | 1 |  1.0
Earth Magic    | 1 |  1.1
Dodging        | |  2.4

Action                   |  1- 3 |  4- 6 |  7- 9 | 10-12 || total
-------------------------+-------+-------+-------+-------++-------
Melee: Unarmed           |    13 |       |       |       ||    13
       Constrict         |     6 |     1 |     3 |     5 ||    15
       Tentacles         |     1 |     4 |     3 |     4 ||    12
       Staff             |       |     9 |    17 |    12 ||    38
       Punch             |       |     1 |       |       ||     1
 Cast: Magic Dart        |    53 |   107 |   177 |    54 ||   391
       Searing Ray       |       |     8 |    24 |     4 ||    36
       Fulminant Prism   |       |       |    18 |    29 ||    47
Invok: Call Merchant     |       |       |     2 |     1 ||     3
Evoke: Wand              |       |       |     1 |       ||     1
  Use: Scroll            |     3 |       |     7 |     1 ||    11
       Potion            |       |       |     2 |     1 ||     3
Armor: Skin              |     6 |    15 |    16 |     5 ||    42
Dodge: Dodged            |    14 |    62 |    40 |    29 ||   145
Block: Buckler           |       |     1 |    16 |     8 ||    25
